 Dungeon Crawl Stone Soup version 0.29.0-7-g18a832c13a (webtiles) character file.

Game seed: 10416608636172662294

182 sirJeffrey23 the Cutter (level 5, -9/45 HPs)
             Began as a Draconian Gladiator on Aug 31, 2022.
             Mangled by a gnoll
             ... wielding a +0 halberd
              (13 damage)
             ... on level 3 of the Dungeon.
             The game lasted 00:02:42 (3514 turns).

sirJeffrey23 the Cutter (Draconian Gladiator)       Turns: 3514, Time: 00:02:43

Health: -9/45      AC:  8    Str: 16    XL:     5   Next: 35%
Magic:  5/5        EV: 13    Int:  8    God:
Gold:   129        SH:  0    Dex: 15    Spells: 4/4 levels left

rFire   . . .      SeeInvis .   a - +1 rapier
rCold   . . .      Faith    .   (no shield)
rNeg    . . .      Spirit   .   (body armour unavailable)
rPois   .          Reflect  .   b - +0 hat
rElec   .          Harm     .   (no cloak)
rCorr   .          Rampage  .   k - +0 pair of gloves
Will    .....                   f - +1 pair of boots
Stlth   ++........              (no amulet)
HPRegen 0.15/turn               (no ring)
MPRegen 0.09/turn               (no ring)

@: no status effects
A: AC +5, unfitting armour, cold-blooded
a: no special abilities


You were on level 3 of the Dungeon.
You visited 1 branch of the dungeon, and saw 4 of its levels.

You collected 129 gold pieces.

Inventory:

Hand Weapons
 a - a +1 rapier (weapon)
Missiles
 c - 3 throwing nets (quivered)
 d - a javelin
Armour
 b - a +0 hat (worn)
 f - a +1 pair of boots (worn)
 k - a +0 pair of gloves (worn)
Scrolls
 j - a scroll of identify
 n - a scroll of blinking {unknown}
Potions
 e - a potion of degeneration {unknown}
 g - a potion of attraction {unknown}
 h - a potion of magic {unknown}
 i - a potion of invisibility {unknown}
 l - a potion of haste {unknown}
 m - a potion of mutation {unknown}
 o - a potion of heal wounds {unknown}


   Skills:
 * Level 3.0 Fighting
 * Level 4.6 Short Blades
 + Level 1.8 Throwing
 * Level 4.0 Dodging
 + Level 0.5 Stealth


You had 4 spell levels left.
You didn't know any spells.
Your spell library contained the following spells:

 Spells                   Type           Power      Damage    Failure   Level
 Sandblast                Erth           0%         2d4       41%         1
 Passwall                 Tmut/Erth      0%         N/A       54%         2
 Call Canine Familiar     Summ           0%         N/A       78%         3
 Conjure Flame            Conj/Fire      0%         6-21      78%         3
 Ignite Poison            Fire/Tmut/Pois 0%         N/A       78%         3
 Portal Projectile        Hex/Tloc       0%         N/A       78%         3
 Stone Arrow              Conj/Erth      0%         3d7       78%         3
 Leda's Liquefaction      Hex/Erth       0%         N/A       99%         4
 Sticky Flame             Conj/Fire      0%         2d3       99%         4


Dungeon Overview and Level Annotations

Branches:
Dungeon (4/15)
 Temple: D:4-7

Altars:
Dithmenos


Innate Abilities, Weirdness & Mutations

Your plain brown scales are hard. (AC +5)
You cannot fit into any form of body armour.
You are cold-blooded and may be slowed by cold attacks.


Message History

Unknown command.
The gnoll hits you with a +0 halberd. The gnoll hits you with a +0 halberd!
There is a stone staircase leading up, spattered with blood here.
The gnoll barely misses you. The gnoll misses you. x2
You climb upwards.
There is a stone staircase leading down here.
Unknown command.
You hit the gnoll.
The gnoll is moderately wounded.
The gnoll barely misses you. The gnoll hits you with a +0 halberd!
You hit the gnoll.
The gnoll is moderately wounded.
The gnoll barely misses you. x2
You barely miss the gnoll.
The gnoll is moderately wounded.
The gnoll barely misses you. x2
You closely miss the gnoll.
The gnoll is moderately wounded.
The gnoll closely misses you. x2
You barely miss the gnoll.
The gnoll is moderately wounded.
The gnoll hits you with a +0 halberd.
* * * LOW HITPOINT WARNING * * *
The gnoll hits you with a +0 halberd.
* * * LOW HITPOINT WARNING * * *
You completely miss the gnoll.
The gnoll is moderately wounded.
The gnoll closely misses you. x2
You hit the gnoll.
The gnoll is heavily wounded.
The gnoll hits you with a +0 halberd.
* * * LOW HITPOINT WARNING * * *
The gnoll closely misses you.
Unknown command.
Throw: 3 throwing nets
Press: ? - help, Q - select action, (/) - cycle Shift-Dir - straight line, f - gnoll
Aim: a gnoll, wielding a +0 halberd (heavily wounded, 63% to hit)
Okay, then.
The gnoll hits you from afar with a +0 halberd!
You die...

######## .......#
######### ######.#
#.......#
######.######.......#
#...##.##...........####
#......................#
#...##..>........gg.##.#
##<###..........@>..##.#
......†.............##.#
#
##.####........#######.##
# #...# #.......## #...#
# #.#.# #.......#
###...#### # #...#
#######.# #........# #
##.## ##'## #.#...##.# #
#.# ##...## #.#...##.# #
#.## ##.....###.#...##.#
#


You could see 2 gnolls.

Vanquished Creatures
  A kobold brigand (D:3)
  3 adders
  A worm (D:3)
  A dart slug (D:3)
  3 orcs (D:3)
  8 bats
  5 endoplasms
  4 giant cockroaches
  4 goblins (D:1)
  11 hobgoblins
  6 jackals
  2 quokkas (D:1)
  2 ball pythons
  7 frilled lizards
  12 kobolds
  8 rats
  A butterfly (D:4)
79 creatures vanquished.

Notes
Turn   | Place    | Note
-------+----------+-------------------------------------------
     0 | D:1      | sirJeffrey23 the Draconian Gladiator began the quest for
                  | the Orb.
     0 | D:1      | Reached XP level 1. HP: 17/17 MP: 1/1
     6 | D:1      | Noticed a killer bee
     6 | D:1      | Noticed a komodo dragon
     7 | D:1      | Noticed an anaconda
   235 | D:1      | Reached XP level 2. HP: 24/24 MP: 2/2
   767 | D:1      | Reached XP level 3. HP: 30/30 MP: 3/3
  1014 | D:2      | Found a faded altar of an unknown god.
  1745 | D:3      | Reached XP level 4. HP: 37/37 MP: 4/4
  1848 | D:3      | Found a shadowy altar of Dithmenos.
  2307 | D:3      | Noticed a kobold brigand
  2323 | D:3      | HP: 1/37 [kobold brigand/+0 club (7)]
  2334 | D:3      | Killed a kobold brigand
  2335 | D:3      | Reached XP level 5. HP: 3/44 MP: 5/5
  3514 | D:3      | Mangled by a gnoll

Illustrated notes

Levels and vault maps discovered:
D:1:      onia_arrival_zoo_common, layout_basic
D:2:      layout_basic, hellmonk_ecumenical_altar_run_dry, kennysheep_potato
D:3:      cheibrodos_thug_alley, layout_loops_corners,
          nicolae_dithmenos_through_a_glass_darkly
D:4:      layout_loops_ring, zin_statuary, nicolae_overflow_hidden_temple,
          old_standard_altar, minmay_temple_entry_butterflies, serial_shops,
          nicolae_shop_trees

Skill      XL: |  1  2  3  4  5 |
---------------+----------------+-----
Dodging        | 3 4 |  4.0
Short Blades   | 4 |  4.6
Fighting       | 3 |  3.0
Throwing       | |  1.8
Stealth        | |  0.5

Action                   |  1- 3 |  4- 6 || total
-------------------------+-------+-------++-------
Melee: Rapier            |   125 |   135 ||   260
       Tailslap          |    11 |    20 ||    31
       Punch             |     1 |       ||     1
Throw: Throwing net      |       |     3 ||     3
       Javelin           |       |     1 ||     1
  Use: Scroll            |     8 |       ||     8
       Potion            |       |     3 ||     3
 Stab: Sleeping          |     4 |       ||     4
Armor: Skin              |    52 |    56 ||   108
Dodge: Dodged            |   109 |   109 ||   218
